 Dungeon Crawl Stone Soup version 0.30-a0-743-gbfdf073431 (webtiles) character file.

Game seed: 7344202843349169469

14 retardedninja the Trooper (level 2, -3/27 HPs)
             Began as a Hill Orc Fighter on Feb 7, 2023.
             Slain by a gnoll
             ... wielding a +1 whip of freezing
              (4 damage)
             ... on level 1 of the Dungeon.
             The game lasted 00:01:29 (1056 turns).

retardedninja the Trooper (Hill Orc Fighter)        Turns: 1056, Time: 00:01:30

Health: -3/27      AC:  6    Str: 18    XL:     2   Next: 45%
Magic:  2/2        EV:  9    Int:  8    God:
Gold:   58         SH:  4    Dex: 10    Spells: 1/1 levels left

rFire   . . .      SeeInvis .    a - +0 war axe
rCold   . . .      Faith    .    c - +0 buckler
rNeg    . . .      Spirit   .    b - +0 scale mail
rPois   .          Reflect  .    (no helmet)
rElec   .          Harm     .    (no cloak)
rCorr   .          Rampage  .    (no gloves)
Will    .....                    (no boots) Stlth
                                 (no amulet)
HPRegen 0.24/turn                (no ring)
MPRegen 0.08/turn                (no ring)

@: mighty
A: no striking features
a: no special abilities


You were on level 1 of the Dungeon.
You visited 1 branch of the dungeon, and saw 2 of its levels.

You collected 58 gold pieces.

Inventory:

Hand Weapons
 a - a +0 war axe (weapon)
Armour
 b - a +0 scale mail (worn)
 c - a +0 buckler (worn)
Scrolls
 h - a scroll of fear {unknown}
Potions
 e - a potion of lignification {unknown}
 f - a potion of haste {unknown}
 g - a potion of heal wounds {unknown}
 i - 2 potions of curing {unknown}


   Skills:
 + Level 3.9 Fighting
 + Level 3.1 Axes
 + Level 3.5 Armour
 + Level 3.5 Shields


You had one spell level left.
You didn't know any spells.
Your spell library contained the following spells:

 Spells                   Type           Power      Damage    Failure   Level
 Beastly Appendage        Tmut           0%         N/A       87%         1
 Wereblood                Tmut           0%         N/A       95%         2
 Dazzling Flash           Conj/Hex       0%         N/A       99%         3
 Spider Form              Tmut/Pois      0%         N/A       99%         3
 Iskenderun's Mystic Bla  Conj/Tloc      0%         2d3       100%        4
 Starburst                Conj/Fire      0%         6d3       100%        6


Dungeon Overview and Level Annotations

Branches:
Dungeon (2/15)

Altars:


Message History

There is a stone staircase leading up here.
There are monsters nearby!
The quokka completely misses you. The gnoll barely misses you.
You climb upwards.
There is a stone staircase leading down here.
You closely miss the quokka. The quokka bites you. x2
You hit the quokka.
You kill the quokka!
You see here a quokka corpse.
You see here a quokka corpse.
You start resting.
HP restored.
You start waiting.
Done waiting.
There is a stone staircase leading down here.
You climb downwards.
The gnoll closely misses you. The gnoll hits you but does no damage.
There is a stone staircase leading up here.
The gnoll hits you with a +1 whip of freezing.
The gnoll freezes you. The gnoll hits you with a +0 flail!
You climb upwards.
There is a stone staircase leading down here.
You feel very mighty all of a sudden. The gnoll barely misses you.
The gnoll hits you with a +1 whip of freezing.
The gnoll freezes you.
* * * LOW HITPOINT WARNING * * *
You hit the gnoll.
The gnoll is moderately wounded.
You slash the gnoll! The gnoll hits you but does no damage.
The gnoll barely misses you. x2
The gnoll hits you with a +1 whip of freezing.
* * * LOW HITPOINT WARNING * * *
The gnoll freezes you.
* * * LOW HITPOINT WARNING * * *
You closely miss the gnoll.
The gnoll is almost dead.
You closely miss the gnoll. The gnoll closely misses you.
The gnoll hits you with a +1 whip of freezing.
You die...

#######≈≈≈≈.#...# ##.#.
#...#..≈....÷#'####....
#.#....≈≈≈≈..#.##...###
###.######.....#.........
#................#.......
#.#.####...#.#.#.#.......
#.#........#.#.#.#.......
#.######.#.#.#.#.#.......
#......g@g.#.#.#.#.######
#..#####.###.#+#...#.....
#(...#...............)...
##.#.###.####............
#.#.# #.#..#..........#.
#.#.# #.#..#..........+.
#.#.# #....#..........##
#####.#.#
#....#.......)....
#.......#
#.#..#............


You could see 2 gnolls.

Vanquished Creatures
  An endoplasm (D:1)
  A goblin (D:1)
  A hobgoblin (D:1)
  3 quokkas (D:1)
  2 ball pythons (D:1)
  4 bats (D:1)
  A kobold (D:1)
  A rat (D:1)
14 creatures vanquished.

Notes
Turn   | Place    | Note
-------+----------+-------------------------------------------
     0 | D:1      | retardedninja the Hill Orc Fighter began the quest for the
                  | Orb.
     0 | D:1      | Reached XP level 1. HP: 19/19 MP: 1/1
   226 | D:1      | Reached XP level 2. HP: 20/27 MP: 2/2
   456 | D:1      | Found a faded altar of an unknown god.
  1055 | D:1      | HP: 1/27 [gnoll/+1 whip of freezing (2)]
  1056 | D:1      | Slain by a gnoll

Illustrated notes

Levels and vault maps discovered:
D:1:      lightli_arrival_maybe_door_vault, layout_basic,
          basic_ecumenical_altar, st_stairs_1, chequers_serial_rivers_micro_d
D:2:      layout_rooms

Skill      XL: |  1  2 |
---------------+-------+-----
Axes           | 3 |  3.1
Fighting       | |  3.9
Armour         | |  3.5
Shields        | |  3.5

Action                     || total
---------------------------++-------
  Melee: War axe           ||    39
    Use: Potion            ||     1
 Armour: Scale mail        ||    15
  Dodge: Dodged            ||    30
  Block: Buckler           ||     8

Table legend: (Time is in decaauts)
 A = Elapsed time spent in this place.
 B = Non-inter-level travel time spent in this place.
 C = Inter-level travel time spent in this place.
 D = Time resting spent in this place.
 E = Time spent auto-exploring this place.
 F = Levels seen in this place.
 G = Mean time per level.
                   A        B        C        D        E       F      G
               +--------+--------+--------+--------+--------+-----+--------+
         Total |   1071 |   1035 |     36 |    332 |    571 |   2 |  535.5 |
       Dungeon |   1071 |   1035 |     36 |    332 |    571 |   2 |  535.5 |
               +--------+--------+--------+--------+--------+-----+--------+

Top non-repeatable levels by time:
     D:1: 1067 daAuts
     D:2: 4 daAuts
